 Dungeon Crawl Stone Soup version 0.29.1-14-g9c671dbff4 (webtiles) character file.

Game seed: 9896954355952729122

8890 MrCheese the Basher (level 11, -12/60 HPs)
             Began as a Gargoyle Fighter on Feb 12, 2023.
             Was an Elder of Hepliaklqana.
             Mangled by an orc priest
             ... wielding a +0 falchion of distortion
             ... led by an orc knight
              (19 damage)
             ... on level 2 of the Orcish Mines.
             The game lasted 01:11:08 (7385 turns).

MrCheese the Basher (Gargoyle Fighter)              Turns: 7385, Time: 01:11:08

Health: -12/60     AC: 34    Str: 24    XL:     11   Next: 37%
Magic:  11/11      EV:  8    Int:  9    God:    Hepliaklqana [****..]
Gold:   206        SH:  6    Dex: 16    Spells: 10/10 levels left

rFire   . . .      SeeInvis .   l - +4 morningstar
rCold   + . .      Faith    .   c - +0 buckler
rNeg    + . .      Spirit   .   B - +0 plate armour
rPois   ∞          Reflect  .   m - +2 helmet {Fancypants Helm}
rElec   +          Harm     .   t - +1 cloak
rCorr   +          Rampage  .   (no gloves)
Will    .....                   q - +0 pair of boots
Stlth   ..........              (no amulet)
HPRegen 0.20/turn               h - ring of resist corrosion
MPRegen 0.12/turn               i - ring of Nauxid {rC+ AC+4 Dex+7}

@: no status effects
A: reduced essence, sickness immunity, AC +8, negative energy resistance 1,
electricity resistance, torment resistance 1, petrification resistance
a: Renounce Religion, Recall Ancestor, Ancestor Identity, Transference, Idealise


You were on level 2 of the Orcish Mines.
You worshipped Hepliaklqana.
Hepliaklqana was greatly pleased with you.
You visited 3 branches of the dungeon, and saw 11 of its levels.

You collected 767 gold pieces.
You spent 561 gold pieces at shops.

Inventory:

Hand Weapons
 a - a +0 flail of chaos
 b - a +2 dire flail
 l - a +4 morningstar (weapon)
 s - a +3 quarterstaff of chaos
 x - a +0 shortbow
 y - a +1 flail of protection
 E - a +0 war axe
Missiles
 j - 5 javelins (quivered)
Armour
 c - a +0 buckler (worn)
 e - an orb of mayhem
 m - a +2 helmet (worn) {Fancypants Helm}
 q - a +0 pair of boots (worn)
 t - a +1 cloak (worn)
 B - a +0 plate armour (worn)
Jewellery
 h - a ring of resist corrosion (left hand)
 i - the ring of Nauxid (right hand) {rC+ AC+4 Dex+7}
   (You found it on level 7 of the Dungeon)

   [ring of protection]

   AC:        It affects your AC (+4).
   Dex:       It affects your dexterity (+7).
   rC:        It protects you from cold.
Wands
 p - a wand of roots (5)
 r - a wand of quicksilver (7)
 u - a wand of paralysis (8)
 w - a wand of flame (12)
 C - a wand of mindburst (6)
Scrolls
 f - 2 scrolls of butterflies
 g - 4 scrolls of identify
 n - a scroll of teleportation
 F - a scroll of blinking
Potions
 d - 3 potions of might
 k - 2 potions of haste
 o - a potion of resistance
 v - 2 potions of ambrosia
 z - 2 potions of heal wounds
 A - a potion of lignification
 D - a potion of brilliance


   Skills:
 + Level 7.5 Fighting
 + Level 11.6 Maces & Flails
 + Level 2.5 Throwing
 + Level 10.7 Armour
 + Level 1.9 Dodging
 + Level 4.7 Stealth
 + Level 5.5 Shields


You had 10 spell levels left.
You didn't know any spells.
Your spell library contained the following spells:

 Spells                   Type           Power      Damage    Failure   Level
 Freeze                   Ice            0%         1d3       99%         1
 Static Discharge         Conj/Air       0%         3-3/arc   100%        2
 Frozen Ramparts          Ice            0%         1d1       100%        3
 Inner Flame              Hex/Fire       0%         N/A       100%        3
 Portal Projectile        Hex/Tloc       0%         N/A       100%        3
 Dispel Undead            Necr           0%         3d6       100%        4
 Hailstorm                Conj/Ice       0%         3d3       100%        4
 Sticky Flame             Conj/Fire      0%         2d3       100%        4
 Silence                  Hex/Air        0%         N/A       100%        5
 Summon Mana Viper        Hex/Summ       0%         N/A       100%        5


Dungeon Overview and Level Annotations

Branches:
Dungeon (10/15)            Temple (1/1) D:4             Orc (2/2) D:10
   Lair: D:8-11         Elf: Orc:2

Altars:
Ashenzari
Cheibriados
Dithmenos
Elyvilon
Fedhas
Gozag
Hepliaklqana
Kikubaaqudgha
Nemelex Xobeh
Qazlal
Sif Muna
Trog
Uskayaw
Wu Jian
Xom
Yredelemnul
Zin
The Shining One

Shops:
Orc:1 *[?:


Innate Abilities, Weirdness & Mutations

Your life essence is reduced to manifest your ancestor. (-10% HP)
You are immune to sickness and miasma.
Your stone body is resilient. (AC +8)
You are immune to poison.
You resist negative energy. (rN+)
You are resistant to electric shocks. (rElec)
You are resistant to unholy torment.
You are immune to petrification.


Message History

Found 19 gold pieces.
You now have 190 gold pieces (gained 13).
Items here: ))) [[.
Okay, then.
Items here: ))) [[ ††.
Things that are here:
a +0 dagger; a +0 leather armour You swap places.
Found an escape hatch in the ceiling.
Found a stone staircase leading up.
You now have 206 gold pieces (gained 16).
An orc warrior comes into view. It is wielding a +0 mace.
An orc knight comes into view. It is wielding a +3 great sword.
The orc knight shouts!
An orc priest comes into view.
It is wielding a +0 falchion of distortion.
The orc knight unwields a +3 great sword.
The orc knight wields a +2 vorpal arbalest.
The orc knight shoots a bolt.
The bolt hits you!!
You puncture the orc warrior!
The orc warrior is heavily wounded.
The orc knight shoots a bolt.
The bolt hits you but does no damage.
Kateb casts a spell at the orc warrior.
The stone arrow hits the orc warrior!!
The orc warrior dies!
Found 29 gold pieces.
You hit the orc knight.
The orc knight is lightly wounded.
You barely miss the orc knight.
The orc knight is lightly wounded.
The orc priest hits Kateb with a +0 falchion of distortion.
Kateb is devoured by a tear in reality.
The orc knight unwields a +2 vorpal arbalest.
The orc knight wields a +3 great sword.
The orc knight completely misses you.
You hit the orc knight but do no damage.
The orc knight is lightly wounded.
The orc knight hits you with a +3 great sword!
* * * LOW HITPOINT WARNING * * *
The orc priest attacks as you move away!
The orc priest hits you but does no damage.
Space warps horribly around you!!
You die...

#............##
###............#
#.............##
###..............#
#.##.............##
##..$..............#
###.....)......†....##
.............).).)..<#
.......@.§.##...).......
.......oo§.##.###.......
.......§.§##... #.......
...........##...........
............#...........
##.........####.......##
#.......... .........
##..$.......


You could see an orc knight and an orc priest.

Vanquished Creatures
  A two-headed ogre (D:9)
  An orc knight (Orc:1)
  Sigmund (D:3)
  2 yaks (D:9)
  A steam dragon (D:10)
  3 wargs
  A water moccasin (D:7)
  A sky beast (D:7)
  2 ice beasts (D:7)
  6 orc warriors
  2 centaurs
  3 kobold brigands (D:10)
  A scorpion (Orc:1)
  6 wights
  2 killer bees (D:10)
  An electric eel (D:10)
  2 howler monkeys
  2 jellies
  7 orc priests
  An iguana (Orc:1)
  5 orc wizards
  An adder (D:2)
  A worm (D:2)
  3 dart slugs
  16 orcs
  4 ball pythons
  2 bats
  5 endoplasms
  A giant cockroach (D:1)
  11 goblins
  6 hobgoblins
  7 kobolds
  A frilled lizard (D:3)
  2 rats
111 creatures vanquished.

Vanquished Creatures (collateral kills)
  An ogre mage (D:10)
  A two-headed ogre (D:10)
  A cyclops (D:10)
  An unseen horror (D:10)
  A yaktaur (shapeshifter) (D:2)
  A wyvern (D:9)
  2 wraiths (D:10)
  2 yaks (D:9)
  Menkaure (D:4)
  A warg (D:10)
  A water moccasin (D:7)
  Pargi (D:4)
  3 orc warriors
  A sky beast (D:7)
  2 ogres (Orc:1)
  A centaur (D:9)
  2 bullfrogs (D:8)
  5 wights
  2 killer bees (D:10)
  2 orc priests (Orc:1)
  Crazy Yiuf (D:4)
  An iguana (Orc:1)
  11 orc wizards
  Terence (D:3)
  Robin (D:3)
  An adder (D:4)
  A white imp (D:7)
  2 dart slugs
  12 orcs
  A ball python (D:3)
  A giant cockroach (D:1)
  5 goblins
  4 hobgoblins (D:3)
  A bat (D:2)
  9 kobolds
  2 rats
86 creatures vanquished.

Vanquished Creatures (others)
  2 battlemagi
  9 plants (D:4)
11 creatures vanquished.

Grand Total: 208 creatures vanquished

Notes
Turn   | Place    | Note
-------+----------+-------------------------------------------
     0 | D:1      | MrCheese the Gargoyle Fighter began the quest for the Orb.
     0 | D:1      | Reached XP level 1. HP: 14/14 MP: 1/1
   283 | D:1      | Reached XP level 2. HP: 19/19 MP: 2/2
   506 | D:1      | Found a faded altar of an unknown god.
   514 | D:1      | Prayed at the altar of an unknown god.
   514 | D:1      | Became a worshipper of Hepliaklqana the Forgotten
   514 | D:1      | Reached * piety under Hepliaklqana
   775 | D:1      | Reached XP level 3. HP: 20/20 MP: 3/3
  1187 | D:2      | Reached ** piety under Hepliaklqana
  1188 | D:2      | Remembered your ancestor Kateb as a battlemage
  1386 | D:2      | Found a broken altar of Ashenzari.
  1530 | D:2      | Noticed a shapeshifter
  1530 | D:2      | a worm changed into a shapeshifter
  1530 | D:2      | Noticed a yaktaur
  1530 | D:2      | a shapeshifter changed into a yaktaur
  1531 | D:2      | Killed a yaktaur
  1532 | D:2      | Reached skill level 4 in Maces & Flails
  1532 | D:2      | Reached XP level 4. HP: 26/26 MP: 4/4
  1532 | D:2      | Reached XP level 5. HP: 29/29 MP: 5/5
  1532 | D:2      | Reached XP level 6. HP: 34/34 MP: 6/6
  1619 | D:3      | Noticed Robin
  1621 | D:3      | Killed Robin
  1796 | D:3      | Reached skill level 1 in Stealth
  1880 | D:3      | Found an ancient bone altar of Kikubaaqudgha.
  1896 | D:3      | Found a broken altar of Ashenzari.
  2309 | D:3      | Noticed Sigmund
  2318 | D:3      | Killed Sigmund
  2319 | D:3      | Reached skill level 5 in Maces & Flails
  2319 | D:3      | Reached skill level 5 in Armour
  2319 | D:3      | Reached skill level 1 in Dodging
  2319 | D:3      | Reached XP level 7. HP: 38/38 MP: 7/7
  2402 | D:3      | Found a hide-covered altar of Uskayaw.
  2472 | D:3      | Found a hazy altar of Hepliaklqana.
  2472 | D:3      | Noticed Terence
  2478 | D:3      | Killed Terence
  2915 | D:4      | Noticed Menkaure
  2920 | D:4      | Killed Menkaure
  2945 | D:4      | Found a staircase to the Ecumenical Temple.
  2951 | Temple   | Entered the Ecumenical Temple
  3061 | D:4      | Found a runed translucent door.
  3061 | D:4      | Noticed Crazy Yiuf
  3064 | D:4      | Killed Crazy Yiuf
  3266 | D:4      | Noticed Pargi
  3268 | D:4      | Killed Pargi
  3269 | D:4      | Reached skill level 1 in Throwing
  3324 | D:4      | You fall into a shaft and drop 3 floors!
  3335 | D:7      | Reached *** piety under Hepliaklqana
  3342 | D:7      | Reached skill level 6 in Maces & Flails
  3342 | D:7      | Reached XP level 8. HP: 35/43 MP: 6/8
  3701 | D:7      | Found a shadowy altar of Dithmenos.
  3805 | D:7      | Reached skill level 5 in Fighting
  3870 | D:7      | Identified the ring of Nauxid {rC+ AC+4 Dex+7}
  3921 | D:7      | Found a flagged portal.
  4092 | D:7      | Reached skill level 7 in Maces & Flails
  4093 | D:7      | Reached XP level 9. HP: 44/48 MP: 9/9
  4794 | D:9      | Reached skill level 8 in Maces & Flails
  4974 | D:9      | Reached **** piety under Hepliaklqana
  5016 | D:9      | Noticed a two-headed ogre
  5023 | D:9      | Killed a two-headed ogre
  5282 | D:9      | Reached skill level 9 in Maces & Flails
  5282 | D:9      | Reached XP level 10. HP: 54/54 MP: 10/10
  5387 | D:9      | Reached skill level 5 in Shields
  5716 | D:10     | Entered Level 10 of the Dungeon
  5760 | D:10     | Noticed an ogre mage
  5763 | D:10     | Noticed a cyclops
  5763 | D:10     | Noticed a cyclops
  5830 | D:10     | Identified the +5 ring mail "Ceizi" {Str-4 Dex+6}
  5978 | D:10     | Killed an ogre mage
  5979 | D:10     | Reached skill level 10 in Maces & Flails
  6130 | D:10     | Killed a cyclops
  6134 | D:10     | Killed an unseen horror
  6135 | D:10     | Reached skill level 10 in Armour
  6157 | D:10     | Noticed a two-headed ogre
  6165 | D:10     | Killed a two-headed ogre
  6166 | D:10     | Reached skill level 11 in Maces & Flails
  6166 | D:10     | Reached XP level 11. HP: 23/60 MP: 11/11
  6703 | D:10     | Upgraded the game from 0.29.1-13-g9f3cf754e1 to
                  | 0.29.1-14-g9c671dbff4
  6704 | D:10     | Found a staircase to the Orcish Mines.
  6713 | Orc:1    | Entered Level 1 of the Orcish Mines
  6713 | Orc:1    | Found Ebyxomod's Book Emporium.
  6716 | Orc:1    | Bought the Cyclopedia of Ensorcelling for 400 gold pieces
  6768 | Orc:1    | Found a bloodstained altar of Trog.
  6940 | Orc:1    | Found Rigezxuc's Magic Scroll Emporium.
  6953 | Orc:1    | Bought a scroll of enchant weapon for 105 gold pieces
  6953 | Orc:1    | Bought a scroll of identify for 28 gold pieces
  6953 | Orc:1    | Bought a scroll of identify for 28 gold pieces
  7006 | Orc:1    | Found Xidueliv's Assorted Antiques.
  7057 | Orc:1    | Noticed an orc knight
  7071 | Orc:1    | Killed an orc knight
  7296 | Orc:1    | Found Doma's Antique Armour Boutique.
  7331 | Orc:2    | Entered Level 2 of the Orcish Mines
  7376 | Orc:2    | Noticed an orc knight
  7385 | Orc:2    | Mangled by an orc priest

Illustrated notes

Levels and vault maps discovered:
D:1:      dpeg_arrival_circle_labyrinth_c, layout_basic,
          chequers_ecumenical_altar_simple, kennysheep_flooded_box
D:2:      layout_loops_corners, basic_altar
D:3:      layout_basic, nicolae_uskayaw_suspiria,
          amethyst_overflow_temple_binary, old_standard_altar, uniq_sigmund,
          uniq_robin, uniq_terence
D:4:      layout_loops_ring, hangedman_ru_absence, minmay_temple_entry_fiery,
          minivault_1, minmay_misc_feat_four_crosses, chequers_big_river,
          uniq_duvessa, uniq_menkaure, uniq_blork_the_orc,
          uniq_crazy_yiuf_cottage, uniq_natasha, uniq_pargi
D:7:      layout_gridville, mainiacjoe_overflow_paths,
          lightli_bailey_entry_fortress, minmay_a_box_with_orc_wizards_in_it,
          uniq_joseph
D:8:      layout_rooms, nrook_pool_corridor, lightli_corner_chamber
D:9:      layout_layer_cave, grunt_decor_cap, minivault_27
D:10:     layout_roguey, david_orc_1_choice, kennysheep_path_1, grunt_tough_drop
Temple:   cyrus_circular_temple
Orc:1:    layout_caves, serial_shops, shop, nicolae_shop_hallway_stairs, shop,
          nicolae_shop_hallway_plus, trog_butcher_becter
Orc:2:    st_orc_elflike, layout_diamond_mine, elf_legates, uniq_erolcha,
          uniq_saint_roka

Skill      XL: |  1  2  3  4  5  6  7  8  9 10 |
---------------+-------------------------------+-----
Fighting       | 4 5 6 7 |  7.5
Maces & Flails | 4 5 6 7 9 11 | 11.6
Armour         | 4 5 7 8 10 | 10.7
Shields        | 4 5 |  5.5
Stealth        | 1 2 3 4 |  4.7
Dodging        | 1 |  1.9
Throwing       | 1 2 |  2.5

Action                   |  1- 3 |  4- 6 |  7- 9 | 10-12 || total
-------------------------+-------+-------+-------+-------++-------
Melee: Flail             |    79 |    14 |    32 |       ||   125
       Morningstar       |       |       |    64 |   150 ||   214
Throw: Javelin           |       |     8 |     6 |     5 ||    19
Invok: Recall Ancestor   |     1 |       |     2 |       ||     3
       Ancestor Life: Ba |     1 |       |       |       ||     1
       Ancestor Identity |     1 |       |       |       ||     1
  Use: Potion            |     1 |       |     4 |     1 ||     6
       Scroll            |     4 |     2 |     8 |     4 ||    18
 Stab: Distracted        |     1 |       |     4 |       ||     5
Armor: Scale mail        |    38 |    11 |     5 |       ||    54
       Chain mail        |       |       |    50 |       ||    50
       Plate armour      |       |       |     3 |   120 ||   123
Dodge: Dodged            |    30 |    10 |    42 |    49 ||   131
Block: Buckler           |    15 |     4 |    14 |    33 ||    66
